 Dungeon Crawl Stone Soup version 0.27-a0-1202-ge72e49191c (webtiles) character file.

Game seed: 11051657460423037763

1347 lunkers the Geomancer (level 8, -5/52 HPs)
             Began as a Formicid Earth Elementalist on June 3, 2021.
             Killed by divine providence
             ... invoked by an orc priest
              (11 damage)
             ... on level 6 of the Dungeon.
             The game lasted 00:06:44 (6705 turns).

lunkers the Geomancer (Formicid Earth Elementalist) Turns: 6705, Time: 00:06:45

Health: -5/52      AC:  2    Str: 12    XL:     8   Next: 94%
Magic:  0/17       EV: 12    Int: 18    God:
Gold:   220        SH:  0    Dex: 11    Spells: 13/19 levels left

rFire    + . .     SeeInvis +   o - +3 quarterstaff (chaos)
rCold    + . .     Faith    .   (no shield)
rNeg     + . .     Spirit   .   c - +0 robe
rPois    .         Reflect  .   (helmet unavailable)
rElec    .         Harm     .   k - scarf {rC+ rF+}
rCorr    .         Rampage  .   (no gloves)
Will     .....                  (no boots)
Stlth    +.........             (no amulet)
HPRegen  0.17/turn              l - ring of positive energy
MPRegen  0.15/turn              (no ring)

@: confused, studying Staves
A: permanent stasis, dig shafts and tunnels, antennae 3, four strong arms
a: Dig, Shaft Self


You were on level 6 of the Dungeon.
You visited 1 branch of the dungeon, and saw 6 of its levels.

You collected 220 gold pieces.

Inventory:

Hand Weapons
 h - a +0 rapier
 o - a +3 quarterstaff of chaos (weapon)
 v - a +2 mace of draining
Missiles
 b - 131 stones
Armour
 c - a +0 robe (worn)
 k - a scarf of resistance (worn)
 p - a +0 cloak
Jewellery
 l - a ring of positive energy (left hand)
 x - an amulet of guardian spirit
Wands
 s - a wand of flame (27)
 A - a wand of paralysis (10)
Scrolls
 a - 4 scrolls of identify {unknown}
 d - 4 scrolls of teleportation {unknown}
 e - a scroll of fog {unknown}
 f - 2 scrolls of summoning {unknown}
 g - 5 scrolls of enchant weapon {unknown}
 m - 3 scrolls of amnesia {unknown}
 q - a scroll of silence {unknown}
 t - 2 scrolls of blinking {unknown}
 y - a scroll of enchant armour {unknown}
 B - a scroll of noise {unknown}
 D - a scroll of holy word {unknown}
Potions
 i - 3 potions of curing
 j - 3 potions of might {unknown}
 n - a potion of heal wounds
 r - a potion of invisibility
 u - a potion of brilliance {unknown}
 w - a potion of cancellation {unknown}
 z - a potion of mutation {unknown}
 C - a potion of berserk rage {unknown}


   Skills:
 - Level 1.7 Dodging
 - Level 2.4 Stealth
 + Level 6.2 Spellcasting
 - Level 1.1 Transmutations
 * Level 10.6 Earth Magic


You had 13 spell levels left.
You knew the following spells:

 Your Spells              Type           Power      Damage    Failure   Level
a - Stone Arrow           Conj/Erth      48%        3d10      4%          3
b - Passwall              Tmut/Erth      21%        N/A       1%          2
c - Sandblast             Erth           86%        2d18      1%          1

Your spell library contained the following spells:

 Spells                   Type           Power      Damage    Failure   Level
 Lee's Rapid Deconstruct  Erth           21%        3d13*     4%          5
 Petrify                  Tmut/Erth      26%        N/A       11%         4
 Animate Skeleton         Necr           10%        N/A       12%         1
 Pain                     Necr           20%        1d5       12%         1
 Vampiric Draining        Necr           2%         2d6       34%         3
 Animate Dead             Necr           2%         N/A       75%         4
 Agony                    Necr           5%         N/A       97%         5


Dungeon Overview and Level Annotations

Branches:
Dungeon (6/15)
 Temple: D:4-7

Altars:
Elyvilon
Yredelemnul

Shops:
D:2 [:*!


Innate Abilities, Weirdness & Mutations

You cannot be hasted, slowed, berserked, paralysed or teleported.
You can dig through walls and to a lower floor.
You have a pair of large antennae on your head. (SInv)
Your four strong arms can wield two-handed weapons with a shield.


Message History

You kill the scorpion!
* * * LOW MAGIC WARNING * * *
The orc wizard casts a spell at itself.
The orc wizard flickers and vanishes for a moment.
Unknown command.
Casting: Sandblast (safe; 1% risk of failure)
Confirm with . or Enter, or press ? or * to list all spells.
Aiming: Sandblast (safe; 1% risk of failure)
Press: ? - help, Shift-Dir - straight line, f - orc wizard
Aim: an orc wizard, wielding a +0 dagger and wearing a +0 robe (slightly transparent, 79% to hit)
The blast of sand hits the orc wizard!
The orc wizard is heavily wounded.
* * * LOW MAGIC WARNING * * *
Unknown command.
Casting: Sandblast (safe; 1% risk of failure)
Confirm with . or Enter, or press ? or * to list all spells.
Aiming: Sandblast (safe; 1% risk of failure)
Press: ? - help, Shift-Dir - straight line, f/p - orc wizard
Aim: an orc wizard, wielding a +0 dagger and wearing a +0 robe (heavily wounded, slightly transparent, 79% to hit)
The blast of sand hits the orc wizard.
The orc wizard is almost dead.
* * * LOW MAGIC WARNING * * *
The orc wizard casts a spell at you. The puff of flame hits you. You resist.
* * * LOW HITPOINT WARNING * * *
An orc priest comes into view. It is wielding a +0 club.
The orc wizard gestures at you while chanting.
You are confused.
You are too confused!
The orc priest invokes the aid of Beogh against you.
Beogh smites you!
* * * LOW HITPOINT WARNING * * *
An orc comes into view. It is wielding a +0 short sword.
The orc shouts!
The orc wizard gestures at you while chanting.
The puff of flame hits you. You resist.
* * * LOW HITPOINT WARNING * * *
The orc priest calls down the wrath of Beogh upon you.
Beogh smites you!
You die...

.##.# #...#
##..# ###.#
+..## ##..##
#.# #. ##..##
#.# # #..##
.# +## #.##
.... #.##
#.... #..#
#.....###..##
#=..#@[.#
##.....##
#.o..##
........#
...oo####.
##(.. #. #...
.. #.## .. #.
#..


You could see an orc priest, an orc wizard (invisible) and an orc.

Vanquished Creatures
  A steam dragon (D:6)
  A water moccasin (D:3)
  A black bear (D:6)
  3 ogres
  2 centaurs (D:5)
  A phantom (D:5)
  A scorpion (D:6)
  2 hounds (D:4)
  Crazy Yiuf (D:2)
  Jessica (D:2)
  6 iguanas
  Natasha (twice) (D:3)
  A hound skeleton (D:4)
  A howler monkey skeleton (D:6)
  5 adders
  A shadow imp (D:5)
  An ufetubus (D:5)
  A worm (D:2)
  8 orcs
  6 endoplasms
  2 giant cockroaches
  6 goblins
  3 hobgoblins
  5 quokkas (D:1)
  8 ball pythons
  4 bats
  5 frilled lizards
  12 kobolds
  5 rats
96 creatures vanquished.

Notes
Turn   | Place    | Note
-------+----------+-------------------------------------------
     0 | D:1      | lunkers the Formicid Earth Elementalist began the quest for
                  | the Orb.
     0 | D:1      | Reached XP level 1. HP: 13/13 MP: 3/3
   188 | D:1      | Reached skill level 4 in Earth Magic
   189 | D:1      | Reached XP level 2. HP: 19/19 MP: 0/5
   712 | D:1      | Found a faded altar of an unknown god.
   751 | D:1      | Reached XP level 3. HP: 24/24 MP: 2/6
   754 | D:1      | Learned a level 2 spell: Passwall
   758 | D:1      | Learned a level 3 spell: Stone Arrow
  1451 | D:2      | Found Hidiczej's Armour Emporium.
  1549 | D:2      | Found Howomaw's Book Shop.
  1552 | D:2      | Noticed Jessica
  1564 | D:2      | Killed Jessica
  1565 | D:2      | Reached skill level 5 in Earth Magic
  1565 | D:2      | Reached XP level 4. HP: 8/30 MP: 0/8
  2205 | D:2      | Found Ragiogh's General Store.
  2482 | D:2      | Found Fixt's Distillery.
  2572 | D:2      | Found a runed translucent door.
  2573 | D:2      | Noticed Crazy Yiuf
  2657 | D:2      | Killed Crazy Yiuf
  2658 | D:2      | Reached XP level 5. HP: 35/35 MP: 0/9
  3046 | D:3      | Noticed Natasha
  3057 | D:3      | Killed Natasha
  3058 | D:3      | Reached skill level 6 in Earth Magic
  3365 | D:3      | Noticed a water moccasin
  3373 | D:3      | Killed a water moccasin
  3374 | D:3      | Reached skill level 7 in Earth Magic
  3374 | D:3      | Reached XP level 6. HP: 9/41 MP: 4/12
  3471 | D:3      | Noticed Natasha
  3477 | D:3      | Killed Natasha
  4347 | D:4      | Reached XP level 7. HP: 46/46 MP: 6/13
  4507 | D:4      | Reached skill level 8 in Earth Magic
  4842 | D:4      | Found a white marble altar of Elyvilon.
  5180 | D:5      | Entered Level 5 of the Dungeon
  5187 | D:5      | Reached skill level 5 in Spellcasting
  5187 | D:5      | Reached XP level 8. HP: 52/52 MP: 1/15
  5331 | D:5      | Reached skill level 9 in Earth Magic
  5873 | D:5      | Found a basalt altar of Yredelemnul.
  6464 | D:6      | Reached skill level 10 in Earth Magic
  6705 | D:6      | Killed from afar by an orc priest

Illustrated notes

Levels and vault maps discovered:
D:1:      noname_arrival_rooms_in_the_neighbourhood, layout_loops_ring,
          shapermc_ecumenical_altar_flowoftime, minmay_tree_intersection,
          kennysheep_decorative_pillar, chequers_avenue
D:2:      layout_loops_ring, serial_shops, shop, nicolae_shop_crystal, shop,
          shop, minmay_increasing_density, uniq_jessica, uniq_crazy_yiuf_cottage
D:3:      layout_rooms, uniq_natasha
D:4:      layout_loops_ring, nicolae_elyvilon_peaceful_grove, minmay_cut_off
D:5:      layout_basic, amcnicky_altar_gilded, minmay_manual_mares
D:6:      layout_layer_cave, lemuel_doored_altar

Skill      XL: |  1  2  3  4  5  6  7  8 |
---------------+-------------------------+-----
Earth Magic    | 4 5 7 8 10 | 10.6
Spellcasting   | 3 4 5 6 |  6.2
Dodging        | |  1.7
Stealth        | |  2.4
Transmutations | |  1.1

Action                   |  1- 3 |  4- 6 |  7- 9 || total
-------------------------+-------+-------+-------++-------
Melee: Unarmed           |     1 |       |       ||     1
       Rapier            |     9 |    25 |       ||    34
       Quarterstaff      |       |    47 |     9 ||    56
 Cast: Sandblast         |    39 |    13 |    19 ||    71
       Stone Arrow       |     1 |    19 |    45 ||    65
  Use: Potion            |       |     1 |       ||     1
 Stab: Sleeping          |       |     2 |       ||     2
Armor: Robe              |     3 |    12 |     3 ||    18
Dodge: Dodged            |     9 |    65 |    22 ||    96

Table legend: (Time is in decaauts)
 A = Elapsed time spent in this place.
 B = Non-inter-level travel time spent in this place.
 C = Inter-level travel time spent in this place.
 D = Time resting spent in this place.
 E = Time spent auto-exploring this place.
 F = Levels seen in this place.
 G = Mean time per level.
                   A        B        C        D        E       F      G
               +--------+--------+--------+--------+--------+-----+--------+
         Total |   6728 |   6488 |    240 |    210 |   5606 |   6 | 1121.3 |
       Dungeon |   6728 |   6488 |    240 |    210 |   5606 |   6 | 1121.3 |
               +--------+--------+--------+--------+--------+-----+--------+

Top non-repeatable levels by time:
     D:2: 1603 daAuts
     D:1: 1264 daAuts
     D:5: 1252 daAuts
     D:3: 1170 daAuts
     D:4: 1165 daAuts
     D:6: 271 daAuts
